 Dungeon Crawl Stone Soup version 0.23-a0-516-g0f8c245 (webtiles) character file.

100 MalarOregon the Caller (level 4, 0/33 HPs)
             Began as a Merfolk Summoner on Dec 5, 2018.
             Slain by a goblin (6 damage)
             ... led by Robin
             ... on level 3 of the Dungeon.
             The game lasted 00:05:23 (2786 turns).

MalarOregon the Caller (Merfolk Summoner)           Turns: 2786, Time: 00:05:23

Health: 0/33       AC:  3    Str:  8    XL:     4   Next: 74%
Magic:  1/8        EV: 13    Int: 15    God:
Gold:   57         SH:  0    Dex: 14    Spells: 5/8 levels left

rFire    . . .     SeeInvis .   h - +0 dagger (elec)
rCold    . . .     Gourm    .   (no shield)
rNeg     . . .     Faith    .   a - +0 robe
rPois    .         Spirit   .   l - +0 helmet
rElec    .         Reflect  .   (no cloak)
rCorr    .         Harm     .   (no gloves)
MR       .....                  (no boots)
Stlth    ++........             (no amulet)
HPRegen  0.11/turn              (no ring)
MPRegen  0.11/turn              (no ring)

@: no status effects
A: change form in water, swift swim, stealthy swim
a: no special abilities


You were on level 3 of the Dungeon.
You were hungry.

You visited 1 branch of the dungeon, and saw 3 of its levels.

You collected 57 gold pieces.

Inventory:

Hand Weapons
 f - a +0 spear
   (You found it on level 1 of the Dungeon)
 h - a +0 dagger of electrocution (weapon)
   (You took it off a kobold on level 1 of the Dungeon)
Missiles
 j - a throwing net (quivered) {!f}
Armour
 a - a +0 robe (worn)
 l - a +0 helmet (worn)
   (You found it on level 2 of the Dungeon)
Scrolls
 m - a scroll of teleportation {@r4}
 n - a scroll of immolation {unknown}
 o - a scroll of amnesia {unknown}
 p - a scroll of identify {@r1}
Potions
 b - a potion of haste {unknown}
 c - a potion of magic
 d - a potion of curing {@q1}
 g - a potion of brilliance {unknown}
 k - a potion of lignification {unknown}
Comestibles
 e - 5 rations {!d}
 i - a chunk of flesh


   Skills:
 + Level 1.9 Fighting
 + Level 2.3 Polearms
 - Level 3.0 Dodging
 - Level 2.1 Stealth
 + Level 2.8 Spellcasting
 + Level 4.6 Summonings


You had 5 spell levels left.
You knew the following spells:

 Your Spells              Type           Power        Failure   Level  Hunger
a - Summon Small Mammal   Summ           ###.         3%          1    #......
x - Call Imp              Summ           ###.....     4%          2    ##.....

Your spell library contained the following spells:

 Spells                   Type           Power        Failure   Level  Hunger
 Call Canine Familiar     Summ           ###.....     9%          3    ###....
 Summon Guardian Golem    Hex/Summ       #.......     24%         3    ###....
 Summon Ice Beast         Ice/Summ       #.......     61%         4    #####..
 Summon Lightning Spire   Summ/Air       #.......     61%         4    #####..


Dungeon Overview and Level Annotations

Branches:
Dungeon (3/15)

Altars:
Ashenzari
Hepliaklqana
Trog
Zin
The Shining One

Annotations:
D:3 Robin


Message History

You closely miss the goblin.
Your iron imp barely misses the goblin.
The goblin barely misses your iron imp.
Robin roars a battlecry!
The goblins go into a battle-frenzy!
The goblin closely misses you. The goblin misses you.
You hit the goblin. Lightning courses through the goblin!
You kill the goblin!
The goblin hits your iron imp but does no damage.
Robin throws the goblin at you!
Your iron imp misses the goblin.
The goblin hits you with a +0 club.
You closely miss the goblin.
The goblin no longer looks unusually strong.
The goblin closely misses you. The goblin hits your iron imp.
Robin roars a battlecry!
The goblin goes into a battle-frenzy!
Your iron imp closely misses the goblin.
You closely miss the goblin.
The goblin no longer looks unusually strong.
The goblin completely misses you. The goblin closely misses you.
The goblin hits your iron imp.
Robin hits your iron imp but does no damage.
You barely miss the goblin. The goblin hits you but does no damage.
The goblin hits you with a +0 club.
Your iron imp completely misses the goblin.
The goblin hits your iron imp but does no damage.
Robin throws the goblin at you!
Your crimson imp barely misses the goblin.
A metallic apparition takes form in the air.
You are feeling hungry.
The goblin barely misses you. The goblin hits you with a +0 club!
* * * LOW HITPOINT WARNING * * *
The hobgoblin hits your iron imp but does no damage.
Your iron imp hits the hobgoblin.
The goblin closely misses you.
Robin hits your iron imp but does no damage.
Your crimson imp barely misses the goblin.
You swap places.
The goblin closely misses your crimson imp.
The goblin hits you.
* * * LOW HITPOINT WARNING * * *
Something completely misses your iron imp.
The hobgoblin hits your iron imp with a +0 club.
Your iron imp dies!
Your crimson imp hits the goblin.
The goblin hits your crimson imp with a +0 club.
Your crimson imp misses the goblin.
There is a stone staircase leading up here.
Unknown command.
Your crimson imp disappears in a puff of smoke!
The goblin hits you.
You die...

#.# #.# #.#
......# ...
..(.?.. ##.#
....... ..#
g...... #.#
......# #@#
.g....#
#.#g###g.....#
#..g§..g#
###)#g5.#
#.#!#...#
#.#.#.###
#...#.#
#.###.# #$. .#


You could see 3 goblins.

Vanquished Creatures
  2 adders
  A leopard gecko (D:1)
  An orc (D:3)
  4 bats
  4 goblins
  3 hobgoblins
  5 jackals
  A ball python (D:2)
  4 frilled lizards
  2 rats (D:1)
27 creatures vanquished.

Vanquished Creatures (collateral kills)
  An orc priest (D:3)
  2 adders (D:2)
  A worm (D:2)
  A dart slug (D:2)
  A leopard gecko (D:2)
  An orc (D:3)
  A bat (D:2)
  8 goblins
  3 hobgoblins
  4 jackals
  6 kobolds
  2 ball pythons
  A frilled lizard (D:2)
  4 rats (D:2)
36 creatures vanquished.

Grand Total: 63 creatures vanquished

Notes
Turn   | Place    | Note
-------+----------+-------------------------------------------
     0 | D:1      | MalarOregon the Merfolk Summoner began the quest for the
                  | Orb.
     0 | D:1      | Reached XP level 1. HP: 13/13 MP: 3/3
   887 | D:1      | Reached XP level 2. HP: 12/20 MP: 5/5
  1115 | D:1      | Learned a level 2 spell: Call Imp
  1722 | D:1      | Reached skill level 1 in Fighting
  1777 | D:1      | Reached skill level 1 in Polearms
  1858 | D:2      | Reached XP level 3. HP: 22/26 MP: 0/6
  1901 | D:2      | Found a glowing silver altar of Zin.
  2138 | D:2      | Found a glowing golden altar of the Shining One.
  2142 | D:2      | Found a shattered altar of Ashenzari.
  2294 | D:2      | Found a bloodstained altar of Trog.
  2336 | D:2      | Reached XP level 4. HP: 32/32 MP: 3/7
  2397 | D:2      | Found a hazy altar of Hepliaklqana.
  2758 | D:3      | Noticed Robin
  2786 | D:3      | Slain by a goblin

Vault maps used:
D:1:      lemuel_arrival_cross
D:2:      grunt_temple_overflow_open, nicolae_overflow_hidden_temple
D:3:      dancing_weapons_uskayaw, minmay_misc_feat_nine_boxes, uniq_jessica,
          uniq_grinder, uniq_robin

Skill      XL: |  1  2  3  4 |
---------------+-------------+-----
Dodging        | 3 |  3.0
Fighting       | 1 |  1.9
Polearms       | 1 2 |  2.3
Stealth        | |  2.1
Spellcasting   | |  2.8
Summonings     | |  4.6

Action                   |  1- 3 |  4- 6 || total
-------------------------+-------+-------++-------
Melee: Dagger            |    63 |    34 ||    97
       Unarmed           |    12 |       ||    12
       Spear             |     3 |       ||     3
 Cast: Summon Small Mamm |    14 |       ||    14
       Call Imp          |    15 |     7 ||    22
  Use: Scroll            |     4 |       ||     4
 Stab: Sleeping          |     3 |     1 ||     4
  Eat: Chunk             |     6 |     1 ||     7
Armor: Robe              |    17 |     7 ||    24
Dodge: Dodged            |    53 |    28 ||    81

Table legend:
 A = Non-vault XP
 B = Vault XP
 C = Vault XP percentage of total XP
 D = Non-vault monster count
 E = Vault monster count
 F = Vault count percentage of total count
                 A         B        C        D         E       F
            +---------+---------+-------+---------+---------+-------
      Total |     132 |      12 |   8.3 |      55 |       8 |  12.7
            +---------+---------+-------+---------+---------+-------
        D:1 |      30 |       0 |   0.0 |      20 |       0 |   0.0
        D:2 |      60 |       0 |   0.0 |      25 |       0 |   0.0
        D:3 |      42 |      12 |  22.2 |      10 |       8 |  44.4
            +---------+---------+-------+---------+---------+-------
